 Dungeon Crawl Stone Soup version 0.24.0-1-gfbc8707122 (webtiles) character file.

Game seed: 14573013467897625323, levelgen mode: deterministic

3497 Gaball the Severer (level 9, 0/73 HPs)
             Began as a Minotaur Berserker on Oct 25, 2019.
             Was an Elder of Trog.
             Slain by Harold
             ... wielding a +0 halberd of protection
              (17 damage)
             ... on level 8 of the Dungeon.
             The game lasted 00:09:52 (5478 turns).

Gaball the Severer (Minotaur Berserker)             Turns: 5478, Time: 00:09:53

Health: 0/73       AC:  8    Str: 22    XL:     9   Next: 80%
Magic:  8/8        EV: 12    Int:  4    God:    Trog [****..]
Gold:   558        SH:  0    Dex: 13    Spells: 8/8 levels left

rFire    . . .     SeeInvis .   x - +2 broad axe (chop)
rCold    . . .     Gourm    .   (no shield)
rNeg     . . .     Faith    .   l - +0 ring mail
rPois    .         Spirit   .   (helmet restricted)
rElec    .         Reflect  .   q - +2 cloak
rCorr    .         Harm     .   (no gloves)
MR       .....                  (no boots)
Stlth    +.........             (no amulet)
HPRegen  0.22/turn              (no ring)
MPRegen  0.11/turn              (no ring)

@: no status effects
A: retaliatory headbutt, horns 2
a: Berserk, Trog's Hand, Brothers in Arms, Renounce Religion


You were on level 8 of the Dungeon.
You worshipped Trog.
Trog was greatly pleased with you.
You were very hungry.

You visited 1 branch of the dungeon, and saw 8 of its levels.
You also visited: Sewer and Ossuary.

You collected 558 gold pieces.

Inventory:

Hand Weapons
 a - a +0 hand axe
 x - a +2 broad axe of chopping (weapon)
Armour
 b - a +0 animal skin
 l - a +0 ring mail (worn)
 q - a +2 cloak (worn)
Jewellery
 w - an uncursed ring of stealth
Wands
 p - a wand of digging (6)
 u - a wand of iceblast (11)
 y - a wand of paralysis (5)
 B - a wand of random effects (23)
 C - a wand of polymorph (6)
 E - a wand of flame (11)
 L - a wand of scattershot (6)
Scrolls
 d - 4 scrolls of enchant armour {unknown}
 e - 9 scrolls of identify
 f - 6 scrolls of teleportation
 h - a scroll of enchant weapon {unknown}
 j - 2 scrolls of immolation {unknown}
 k - 4 scrolls of blinking {unknown}
 o - 3 scrolls of amnesia {unknown}
 G - a scroll of remove curse {unknown}
 H - 2 scrolls of fear {unknown}
 J - a scroll of random uselessness {unknown}
Potions
 g - a potion of might {unknown}
 i - 2 potions of haste {unknown}
 m - 4 potions of curing
 n - 3 potions of heal wounds {unknown}
 r - 2 potions of lignification {unknown}
 s - 2 potions of flight {unknown}
 t - 2 potions of degeneration {unknown}
 v - a potion of invisibility {unknown}
 z - a potion of magic {unknown}
 A - 2 potions of berserk rage {unknown}
 D - 3 potions of mutation {unknown}
 F - 2 potions of resistance {unknown}
 I - a potion of cancellation {unknown}
Comestibles
 c - 19 rations


   Skills:
 + Level 4.8 Fighting
 + Level 15.3 Axes
 + Level 3.6 Armour
 + Level 3.3 Dodging
 - Level 0.7 Stealth


You had 8 spell levels left.
You didn't know any spells.
Your spell library was empty.

Dungeon Overview and Level Annotations

Branches:
Dungeon (8/15)             Temple (0/1) D:4           Sewer (visited)
Ossuary (visited)
   Lair: D:8-11

Altars:
Hepliaklqana
Kikubaaqudgha
Okawaru
Trog
Vehumet
Yredelemnul

Annotations:
D:8 Harold


Innate Abilities, Weirdness & Mutations

You reflexively headbutt those who attack you in melee.
You have a pair of horns on your head.


Message History

Harold hits you from afar with a +0 halberd of protection!!
Harold looks eager to get this over with.
Your ogre goes berserk!
You are feeling very hungry.
Trog will no longer gift you weapons.
The ogre hits you with a +0 giant spiked club!
Harold hits you from afar with a +0 halberd of protection!
You swap places.
Your ogre hits the ogre with a +0 giant club!!
The ogre dies!
Trog accepts your kill.
Harold hits your ogre with a +0 halberd of protection!!
Your ogre rages.
Your ogre rages.
Harold casts a spell at you. The harpoon shot hits you!
* * * LOW HITPOINT WARNING * * *
You are yanked forward by the harpoon shot.
Harold hits you from afar with a +0 halberd of protection!
You die...

#.........###....##
+.........'.......#
#.........###†...##
##.......####.#.####
##.....##.........#
##...###.<###.##.#
##+# #..# #.##.# #
#..###.##.# #.
#.#@..###.# ##.#
#....O....# ##..(#
#####@##### ##?....
#.# ..)....######.#
#....@)@.#
##########


You could see Harold and a friendly ogre (berserk).

Vanquished Creatures
  A centaur skeleton (D:6)
  Prince Ribbit (D:8)
  A hippogriff (D:7)
  Sigmund (D:6)
  A wraith (Ossuary)
  A water moccasin (D:7)
  An orc warrior (D:6)
  3 black bears
  An ice beast (D:7)
  A sky beast (D:7)
  A hornet zombie (D:6)
  A necrophage (D:7)
  An ogre (D:7)
  A crocodile (Sewer)
  A centaur (D:7)
  A big kobold (D:7)
  A bullfrog (D:6)
  A water moccasin zombie (D:4)
  3 scorpions (D:7)
  A howler monkey (D:6)
  A centaur zombie (D:6)
  A crimson imp (D:6)
  3 orc priests
  2 hounds
  Ijyb (D:4)
  3 iguanas (D:6)
  2 worker ants
  8 orc wizards
  3 hound zombies (D:4)
  3 howler monkey zombies
  A mummy (Ossuary)
  3 gnolls (D:7)
  7 adders
  A shadow imp (D:7)
  4 adder zombies
  An adder skeleton (D:4)
  3 worms
  4 dart slugs
  3 leopard geckos
  23 orcs
  A ball python (D:6)
  6 giant cockroaches
  9 goblins
  7 hobgoblins
  12 jackals
  10 kobolds
  A quokka (D:2)
  A ball python zombie (D:4)
  12 bats
  5 frilled lizards
  3 giant cockroach zombies (D:4)
  8 gnoll skeletons (Ossuary)
  6 kobold skeletons (Ossuary)
  11 orc skeletons (Ossuary)
  2 quokka skeletons (D:6)
  8 rats
  A spectral orc (D:5)
204 creatures vanquished.

Vanquished Creatures (collateral kills)
  An orc warrior (D:6)
  An ogre (D:8)
  A gnoll sergeant (D:7)
  2 orc wizards
  An orc (D:6)
6 creatures vanquished.

Grand Total: 210 creatures vanquished

Notes
Turn   | Place    | Note
-------+----------+-------------------------------------------
     0 | D:1      | Gaball the Minotaur Berserker began the quest for the Orb.
     0 | D:1      | Reached XP level 1. HP: 19/19 MP: 0/0
   171 | D:1      | Reached skill level 4 in Axes
   173 | D:1      | Reached XP level 2. HP: 21/27 MP: 1/1
   628 | D:2      | Reached XP level 3. HP: 26/33 MP: 2/2
   646 | D:2      | Reached ** piety under Trog
   755 | D:2      | Reached skill level 5 in Axes
  1097 | D:2      | Found a faded altar of an unknown god.
  1421 | D:3      | Reached XP level 4. HP: 36/40 MP: 3/3
  1644 | D:3      | Reached skill level 6 in Axes
  1874 | D:3      | Reached *** piety under Trog
  2164 | D:3      | Found an iron altar of Okawaru.
  2377 | D:4      | Reached XP level 5. HP: 46/46 MP: 4/4
  2616 | D:4      | Reached skill level 7 in Axes
  2720 | D:4      | Noticed Ijyb
  2724 | D:4      | Paralysed by Ijyb for 6 turns
  2730 | D:4      | Killed Ijyb
  2831 | D:4      | Found a staircase to the Ecumenical Temple.
  2989 | D:4      | Reached skill level 8 in Axes
  2989 | D:4      | Reached XP level 6. HP: 47/52 MP: 5/5
  3038 | D:5      | Entered Level 5 of the Dungeon
  3186 | D:5      | Reached skill level 9 in Axes
  3208 | D:5      | Found a hazy altar of Hepliaklqana.
  3423 | D:5      | Reached XP level 7. HP: 57/58 MP: 6/6
  3513 | D:5      | Found a basalt altar of Yredelemnul.
  3679 | D:6      | Reached **** piety under Trog
  3686 | D:6      | Noticed Sigmund
  3688 | D:6      | Reached skill level 10 in Axes
  3697 | D:6      | Killed Sigmund
  3697 | D:6      | Reached skill level 11 in Axes
  3697 | D:6      | Reached XP level 8. HP: 58/66 MP: 7/7
  3727 | D:6      | Found a glowing drain.
  3741 | Sewer    | Entered a sewer
  3869 | D:6      | Reached skill level 12 in Axes
  3923 | D:6      | Found a radiant altar of Vehumet.
  4297 | D:6      | Reached skill level 13 in Axes
  4459 | D:6      | Found an ancient bone altar of Kikubaaqudgha.
  4617 | D:7      | Reached XP level 9. HP: 53/71 MP: 8/8
  4695 | D:7      | Reached skill level 14 in Axes
  4883 | D:7      | Found a sand-covered staircase.
  4892 | Ossuary  | Entered an ossuary
  5064 | D:7      | Reached skill level 15 in Axes
  5109 | D:7      | Found a bloodstained altar of Trog.
  5401 | D:8      | Reached ***** piety under Trog
  5432 | D:8      | Noticed Prince Ribbit
  5436 | D:8      | Killed Prince Ribbit
  5457 | D:8      | Noticed Harold
  5478 | D:8      | Slain by Harold

Levels and vault maps discovered:
D:1:      minmay_arrival_radiant_lines, layout_loops_cross,
          wander_ebering_terrifying_dragon_lair
D:2:      layout_loops_cross, chequers_ecumenical_altar_island,
          minmay_heptomino_w4
D:3:      kennysheep_big_flooded_room, layout_basic,
          nicolae_overflow_crystal_walls, first_ration
D:4:      layout_loops_ring, minmay_temple_entry_overgrown, serial_undead,
          serial_undead_a, serial_undead_a, serial_undead_c, serial_undead_e,
          serial_undead_c, serial_undead_b, serial_undead_a, uniq_ijyb
D:5:      layout_basic, old_standard_altar, yredelemnul_forgotten_temple_becter
D:6:      layout_cave_pools, vehumet_altar_wand_db, kennysheep_little_box,
          cheibrodos_sewer_entry_drain, uniq_sigmund
D:7:      layout_basic, nicolae_ossuary_entry_plus, grunt_ogre_cave,
          grunt_ministairs_13, trog_ov_bears_minmay
D:8:      minmay_separated_statues, layout_loops_corners, uniq_prince_ribbit1,
          uniq_erica, uniq_harold

Skill      XL: |  1  2  3  4  5  6  7  8  9 |
---------------+----------------------------+-----
Axes           | 4 5 6 8 9 11 13 15 | 15.3
Fighting       | 4 |  4.8
Armour         | 3 |  3.6
Dodging        | 3 |  3.3
Stealth        | |  0.7

Action                   |  1- 3 |  4- 6 |  7- 9 || total
-------------------------+-------+-------+-------++-------
Melee: Hand axe          |    76 |    71 |       ||   147
       Headbutt          |    14 |    24 |    32 ||    70
       Broad axe         |       |    59 |   182 ||   241
Invok: Trog's Hand       |       |     1 |     4 ||     5
       Brothers in Arms  |       |       |     3 ||     3
       Berserk           |       |       |     1 ||     1
Evoke: Wand              |       |       |     5 ||     5
  Use: Potion            |       |       |     1 ||     1
       Scroll            |       |       |     2 ||     2
 Stab: Sleeping          |     1 |       |       ||     1
       Paralysed         |       |       |     1 ||     1
  Eat: Chunk             |     1 |     4 |     9 ||    14
       Ration            |       |     1 |       ||     1
Armor: Animal skin       |     7 |       |       ||     7
       Ring mail         |     2 |    55 |    51 ||   108
Dodge: Dodged            |    47 |    91 |   115 ||   253
